 Dungeon Crawl Stone Soup version 0.28-a0-1074-g3cb2360906 (webtiles) character file.

Game seed: 7306622636422931755

18 Htamos the Sneak (level 2, -1/20 HPs)
             Began as a Demigod Enchanter on Dec 9, 2021.
             Slain by Natasha (5 damage)
             ... on level 2 of the Dungeon.
             The game lasted 00:01:38 (1320 turns).

Htamos the Sneak (Demigod Enchanter)                Turns: 1320, Time: 00:01:38

Health: -1/20      AC:  2    Str:  9    XL:     2   Next: 36%
Magic:  7/7        EV: 12    Int: 17    God:
Gold:   18         SH:  0    Dex: 14    Spells: 5/5 levels left

rFire   + . .      SeeInvis .   a - +1 dagger
rCold   + . .      Faith    .   (no shield)
rNeg    . . .      Spirit   .   b - +0 robe
rPois   +          Reflect  .   (no helmet)
rElec   +          Harm     .   (no cloak)
rCorr   +          Rampage  .   (no gloves)
Will    .....                   (no boots)
Stlth   ++........              (no amulet)
HPRegen 0.06/turn               (no ring)
MPRegen 0.10/turn               (no ring)

@: resistant, invisible
A: high mp 1, forlorn, divine attributes
a: no special abilities


You were on level 2 of the Dungeon.
You visited 1 branch of the dungeon, and saw 2 of its levels.

You collected 18 gold pieces.

Inventory:

Hand Weapons
 a - a +1 dagger (weapon)
 d - a +0 short sword
Missiles
 f - 34 stones (quivered)
Armour
 b - a +0 robe (worn)
Scrolls
 h - a scroll of identify {unknown}
Potions
 e - a potion of resistance
 g - a potion of might {unknown}


   Skills:
 + Level 1.2 Short Blades
 + Level 2.0 Dodging
 + Level 2.9 Stealth
 + Level 2.0 Spellcasting
 + Level 2.9 Hexes


You had 5 spell levels left.
You didn't know any spells.
Your spell library contained the following spells:

 Spells                   Type           Power      Damage    Failure   Level
 Ensorcelled Hibernation  Hex/Ice        12%        N/A       16%         2
 Confusing Touch          Hex            11%        N/A       17%         3
 Tukima's Dance           Hex            11%        N/A       17%         3
 Dazzling Flash           Conj/Hex       12%        N/A       32%         3


Dungeon Overview and Level Annotations

Branches:
Dungeon (2/15)

Annotations:
D:2 Natasha, Terence


Innate Abilities, Weirdness & Mutations

You have an increased reservoir of magic. (+10% MP)
You shall have no god before yourself.
Your divine heritage dramatically boosts your attributes as you level up.


Message History

The worm falls through a shaft!
The shaft crumbles and collapses.
The helpless goblin fails to defend itself.
You puncture the goblin!
You kill the goblin!
You now have 18 gold pieces (gained 5).
There is a stone staircase leading down here.
h - a scroll labelled ASIMUVYBIT Natasha, Servant of Life and Death comes into view.
Marking area around Natasha as unsafe for travelling.
Okay, then.
You fade into invisibility!
The helpless Natasha fails to defend herself.
You puncture Natasha!
Natasha is severely wounded.
Natasha closely misses you.
You hit Natasha but do no damage.
Natasha is severely wounded.
Natasha misses you.
You barely miss Natasha.
Natasha is severely wounded.
Natasha claws you.
You closely miss Natasha.
Natasha is severely wounded.
Natasha claws you!
* * * LOW HITPOINT WARNING * * *
You closely miss Natasha.
Natasha is severely wounded.
Natasha stares at you and mumbles some strange words.
The magic dart hits you!
* * * LOW HITPOINT WARNING * * *
You barely miss Natasha.
Natasha is severely wounded.
Natasha casts a spell.
Unknown command.
You aren't carrying any items that you can evoke.
Unknown command.
It was a potion of resistance.
You feel protected. Natasha claws you.
You die...

## #######.. .#
#.h...... .## #@#
..## #5#
#..####### #.#
##.......#######.#
#..#####.........#
..## ###########
.## .# .##


You could see Natasha and a white imp (summoned).

Vanquished Creatures
  A dart slug (D:1)
  3 ball pythons (D:1)
  A giant cockroach (D:1)
  3 goblins
  A bat (D:1)
  3 frilled lizards (D:1)
  3 kobolds (D:1)
  2 rats (D:1)
17 creatures vanquished.

Notes
Turn   | Place    | Note
-------+----------+-------------------------------------------
     0 | D:1      | Htamos the Demigod Enchanter began the quest for the Orb.
     0 | D:1      | Reached XP level 1. HP: 14/14 MP: 5/5
   176 | D:1      | Reached skill level 1 in Short Blades
   445 | D:1      | Reached XP level 2. HP: 19/20 MP: 7/7
  1191 | D:2      | Noticed Terence
  1308 | D:2      | Noticed Natasha
  1320 | D:2      | Slain by Natasha

Illustrated notes

Levels and vault maps discovered:
D:1:      lightli_arrival_chessboard, layout_loops_cross, serial_forest,
          infiniplex_forest_clump_double, infiniplex_forest_clump_double,
          infiniplex_forest_clump_tiny, infiniplex_forest_straight_4,
          infiniplex_forest_straight_3, infiniplex_forest_clump_large,
          infiniplex_forest_clump_cross, infiniplex_forest_clump_curved,
          shapermc_ecumenical_altar_totnotflames
D:2:      layout_loops_ring, uniq_terence, uniq_natasha, uniq_sigmund,
          uniq_crazy_yiuf_cottage

Skill      XL: |  1  2 |
---------------+-------+-----
Short Blades   | 1 |  1.2
Dodging        | 2 |  2.0
Spellcasting   | 2 |  2.0
Stealth        | |  2.9
Hexes          | |  2.9

Action                   || total
-------------------------++-------
Melee: Dagger            ||    58
  Use: Potion            ||     2
 Stab: Sleeping          ||     6
Armor: Robe              ||    12
Dodge: Dodged            ||    26

Table legend: (Time is in decaauts)
 A = Elapsed time spent in this place.
 B = Non-inter-level travel time spent in this place.
 C = Inter-level travel time spent in this place.
 D = Time resting spent in this place.
 E = Time spent auto-exploring this place.
 F = Levels seen in this place.
 G = Mean time per level.
                   A        B        C        D        E       F      G
               +--------+--------+--------+--------+--------+-----+--------+
         Total |   1317 |   1271 |     46 |      0 |   1105 |   2 |  658.5 |
       Dungeon |   1317 |   1271 |     46 |      0 |   1105 |   2 |  658.5 |
               +--------+--------+--------+--------+--------+-----+--------+

Top non-repeatable levels by time:
     D:1: 1194 daAuts
     D:2: 123 daAuts
